 Dungeon Crawl Stone Soup version 0.26.1-15-g04117e645d (webtiles) character file.

Game seed: 13168587039734019792

19669 tkbsonic5 the Thaumaturge (level 12, -8/91 HPs)
             Began as a Mummy Ice Elementalist on Dec 21, 2022.
             Was a High Priest of Nemelex Xobeh.
             Killed from afar by a spark wasp (21 damage)
             ... with a living lightning
             ... on level 4 of the Lair of Beasts on Dec 22, 2022.
             The game lasted 01:44:07 (16501 turns).

tkbsonic5 the Thaumaturge (Mummy Ice Elementalist) Turns: 16501, Time: 01:44:08

Health: -8/91      AC: 22    Str: 12    XL:     12   Next: 38%
Magic:  20/26      EV: 14    Int: 21    God:    Nemelex Xobeh [*****.]
Gold:   444        SH:  0    Dex: 12    Spells: 0/31 levels left

rFire    x x .     SeeInvis .   R - +4 dagger "Undertaker" {flame, rC+ Int+2}
rCold    + + +     Faith    .   (no shield)
rNeg     + + +     Spirit   .   z - +2 robe {Will+}
rPois    ∞         Reflect  .   y - +0 helmet
rElec    .         Harm     .   t - +0 cloak
rCorr    .         Rampage  .   h - +2 pair of gloves
Will     +++..                  L - +2 pair of boots
Stlth    ++........             w - amulet of magic regeneration
HPRegen  0.25/turn              S - ring of ice
MPRegen  0.45/turn              f - ring of willpower

@: icy armour
A: no potions, fire vulnerability, cold resistance 1, negative energy resistance
3, torment resistance, unbreathing
a: Renounce Religion, Draw Escape, Draw Destruction, Draw Summoning, Triple
Draw, Deal Four, Stack Five


You were on level 4 of the Lair of Beasts.
You worshipped Nemelex Xobeh.
Nemelex Xobeh was extremely pleased with you.
You visited 2 branches of the dungeon, and saw 15 of its levels.

You collected 780 gold pieces.
You spent 336 gold pieces at shops.

Inventory:

Hand Weapons
 l - a +1 short sword of protection
 m - a +6 vampiric short sword
 u - a +0 shortbow
 x - a +1 short sword of speed
 R - the +4 dagger "Undertaker" (weapon) {flame, rC+ Int+2}
   (You found it on level 3 of the Lair of Beasts)

   It has been specially enchanted to burn those struck by it, causing extra
   injury to most foes and up to half again as much damage against particularly
   susceptible opponents.
   It affects your intelligence (+2).
   It protects you from cold.
Missiles
 d - 3 atropa-tipped darts
 e - 9 curare-tipped darts
 g - 124 arrows
 i - 2 boomerangs
 A - 40 poisoned darts
 P - 6 javelins
Armour
 h - a +2 pair of gloves (worn)
 t - a +0 cloak (worn)
 y - a +0 helmet (worn)
 z - a +2 robe of willpower (worn)
 L - a +2 pair of boots (worn)
 Q - a scarf of invisibility
Jewellery
 c - a +4 ring of protection
 f - a ring of willpower (right hand)
 j - an uncursed ring of magical power
 v - a cursed -4 ring of protection
 w - an amulet of magic regeneration (around neck)
 C - an uncursed ring of protection from fire
 I - a +6 ring of dexterity
 N - an uncursed ring of willpower
 O - a cursed ring of willpower
 S - a ring of ice (left hand)
Wands
 b - a wand of digging (1)
 q - a wand of iceblast (3)
 r - a wand of disintegration (14)
 H - a wand of enslavement (5)
 T - a wand of flame (16)
Scrolls
 p - 10 scrolls of teleportation
 E - 6 scrolls of remove curse
Miscellaneous
 a - a box of beasts
 K - a phial of floods


   Skills:
 * Level 7.6 Fighting
 + Level 3.9 Short Blades
 - Level 1.0 Maces & Flails
 - Level 1.3 Polearms
 + Level 2.6 Armour
 + Level 4.6 Dodging
 - Level 1.5 Stealth
 * Level 10.3 Spellcasting
 * Level 6.4 Conjurations
 * Level 5.6 Summonings
 * Level 4.2 Necromancy
 + Level 0.2 Translocations
 + Level 0.2 Fire Magic
 * Level 7.9 Ice Magic
 + Level 1.4 Air Magic
 + Level 1.2 Poison Magic
 + Level 2.9 Invocations
 + Level 2.5 Evocations


You couldn't memorise any spells.
You knew the following spells:

 Your Spells              Type           Power        Failure   Level
a - Freeze                Ice            100%         1%          1
b - Frozen Ramparts       Ice            100%         1%          3
c - Ozocubu's Armour      Ice            60%          1%          3
d - Hailstorm             Conj/Ice       57%          3%          4
e - Summon Ice Beast      Ice/Summ       56%          3%          4
f - Simulacrum            Ice/Necr       26%          61%         6
g - Animate Dead          Necr           14%          11%         4
h - Mephitic Cloud        Conj/Pois/Air  23%          5%          3
i - Blink                 Tloc           N/A          9%          2
j - Foxfire               Conj/Fire      96%          1%          1

Your spell library contained the following spells:

 Spells                   Type           Power        Failure   Level
 Magic Dart               Conj           100%         1%          1
 Call Imp                 Summ           34%          1%          2
 Ensorcelled Hibernation  Hex/Ice        82%          1%          2
 Conjure Flame            Conj/Fire      24%          4%          3
 Stone Arrow              Conj/Erth      48%          4%          3
 Sandblast                Erth           20%          6%          1
 Passwall                 Tmut/Erth      8%           10%         2
 Slow                     Hex            10%          10%         2
 Sticky Flame             Conj/Fire      24%          16%         4
 Inner Flame              Hex/Fire       11%          19%         3
 Fireball                 Conj/Fire      12%          41%         5
 Petrify                  Tmut/Erth      10%          52%         4
 Borgnjor's Vile Clutch   Necr/Erth      9%           58%         5
 Shadow Creatures         Summ           N/A          67%         6
 Silence                  Hex/Air        6%           78%         5
 Lee's Rapid Deconstruct  Erth           5%           86%         5
 Death Channel            Necr           14%          86%         6


Dungeon Overview and Level Annotations

Branches:
Dungeon (11/15)            Temple (0/1) D:4            Lair (4/6) D:11
  Swamp: Lair:2-4    Shoals: Lair:2-4     Snake: Lair:2-4    Spider: Lair:2-4
    Orc: D:9-12

Altars:
Ashenzari
Cheibriados
Elyvilon
Fedhas
Hepliaklqana
Kikubaaqudgha
Nemelex Xobeh
Ru
Sif Muna
Vehumet
Wu Jian
Xom
Yredelemnul
The Shining One
Beogh

Shops:
D:4 ?   D:5 :   D:6 }   D:7 }[   D:10 =*   D:11 [

Annotations:
D:8 exclusion: statue


Innate Abilities, Weirdness & Mutations

You do not drink.
Your flesh is vulnerable to fire.
You are immune to poison.
Your flesh is cold resistant. (rC+)
You are immune to negative energy. (rN+++)
You are immune to unholy pain and torment.
You can survive without breathing.


Message History

* * * LOW HITPOINT WARNING * * *
You draw... (choose one card, ? for their descriptions) a - Degeneration b - Pain c - Pain You have drawn Pain.
Press: ? - help, Shift-Dir - straight line, f/p - spark wasp
Aim: a spark wasp (almost dead, misshapen and mutated, lightly drained)
The spark wasp convulses!
The spark wasp stings you but does no damage.
Your magical contamination has completely faded away.
You draw... (choose one card, ? for their descriptions)
a - the Tomb b - Velocity
c - the Cloud You have drawn the Cloud.
Clouds appear around you!
The spark wasp bursts into living lightning!
The living lightning hits you!!
You die...
Your body disappears without a glow.

#.#......##..## #...........P
#.............# ##.#..#......
###........##..# ###..#......
....).....###..######.###...[.
......#.### #..........##.....
..#..#..## ###...#########....
##..#.#..###.†§§## #..#.
##..##.....##y§# #.P## ....
#####.#@§§# ####..## ....
#..##.P# ##P#....# ..#
#...##...# #........ ..
#...##...# ###......
#.####P..# #..#.... #.§ ##.##
##.##### .††§ P.# ##..# .§ !.#
#..P# ##..####


You could see a spark wasp (misshapen, drained).

Vanquished Creatures
  A hydra (Lair:3)
  Pikel (D:4)
  A harpy (Lair:4)
  A manticore (D:11)
  2 black mambas
  3 cane toads
  Maggie (D:6)
  3 komodo dragons
  3 trolls
  Prince Ribbit (D:7)
  8 yaks
  A fire bat (Lair:4)
  2 vampire mosquitoes (D:10)
  2 steam dragons
  An acid dragon (Lair:4)
  Duvessa (D:7)
  7 water moccasins
  2 ice beasts
  A phantom (D:5)
  2 orc warriors
  2 sky beasts
  4 ogres
  2 black bears
  11 wolves
  3 centaurs
  4 lemures (D:4)
  Blork the orc (D:6)
  3 big kobolds
  6 bullfrogs
  A gnoll sergeant (D:10)
  4 scorpions
  Dowan (D:7)
  5 killer bees
  3 wights (D:10)
  3 howler monkeys
  A centaur zombie (D:6)
  A hound (D:5)
  A jelly (D:11)
  7 orc priests
  A bullfrog skeleton (D:8)
  4 centaur skeletons
  An iguana (D:11)
  Natasha (D:4)
  9 orc wizards
  7 worker ants
  A hound skeleton (D:7)
  A howler monkey zombie (D:8)
  12 gnolls
  2 howler monkey skeletons
  5 adders
  A shadow imp (D:8)
  2 white imps
  4 ufetubi
  An adder skeleton (D:8)
  2 adder zombies (D:5)
  7 dart slugs
  5 leopard geckos
  26 orcs
  5 bats
  6 giant cockroaches
  21 goblins
  24 hobgoblins
  9 jackals
  23 kobolds
  7 quokkas
  A ball python (D:2)
  8 frilled lizards
  8 rats
311 creatures vanquished.

Vanquished Creatures (collateral kills)
  2 hydras
  2 boulder beetles
  A death yak (Lair:2)
  A harpy (Lair:4)
  2 ugly things (D:11)
  A black mamba (Lair:1)
  3 komodo dragons
  A polar bear (Lair:4)
  A troll (D:10)
  7 yaks
  2 basilisks
  A vampire mosquito (D:10)
  4 water moccasins
  An orc warrior (D:10)
  A black bear (D:9)
  6 wolves
  4 big kobolds
  2 bullfrogs
  5 wights (D:9)
  4 killer bees (D:10)
  A quasit (D:11)
  A hound (D:10)
  3 orc priests
  A jelly (D:10)
  2 orc wizards
  8 gnolls
  3 adders
  2 shadow imps
  2 adder skeletons
  2 orcs
  6 goblins (D:6)
  3 hobgoblins (D:6)
  3 jackals (D:11)
  3 kobolds
91 creatures vanquished.

Vanquished Creatures (others)
  A sky beast (D:11)
  4 foxfires (Lair:4)
  25 fungi
  27 plants
57 creatures vanquished.

Grand Total: 459 creatures vanquished

Notes
Turn   | Place    | Note
-------+----------+-------------------------------------------
     0 | D:1      | tkbsonic5 the Mummy Ice Elementalist began the quest for
                  | the Orb.
     0 | D:1      | Reached XP level 1. HP: 13/13 MP: 4/4
   216 | D:1      | Reached skill level 3 in Spellcasting
   490 | D:1      | Reached XP level 2. HP: 19/19 MP: 1/6
  1530 | D:2      | Reached XP level 3. HP: 25/25 MP: 5/7
  1536 | D:2      | Learned a level 3 spell: Frozen Ramparts
  1540 | D:2      | Learned a level 3 spell: Ozocubu's Armour
  1594 | D:2      | Found a basalt altar of Yredelemnul.
  1662 | D:2      | Reached skill level 1 in Fighting
  1868 | D:2      | Reached skill level 1 in Maces & Flails
  1868 | D:2      | Reached XP level 4. HP: 23/32 MP: 5/9
  2386 | D:3      | Reached skill level 4 in Spellcasting
  2454 | D:3      | Found a sparkling altar of Nemelex Xobeh.
  2471 | D:3      | Became a worshipper of Nemelex Xobeh the Trickster
  2518 | D:3      | Reached XP level 5. HP: 23/38 MP: 5/11
  2613 | D:3      | Reached skill level 1 in Polearms
  3168 | D:3      | Found an ornate altar of the Wu Jian Council.
  3343 | D:3      | Found a blossoming altar of Fedhas.
  3451 | D:3      | Reached * piety under Nemelex Xobeh
  3460 | D:3      | Found a glowing golden altar of the Shining One.
  3534 | D:4      | Received a gift from Nemelex Xobeh
  3562 | D:4      | Reached XP level 6. HP: 43/46 MP: 7/13
  3569 | D:4      | Learned a level 4 spell: Hailstorm
  3624 | D:4      | Found a staircase to the Ecumenical Temple.
  3663 | D:4      | Reached skill level 5 in Spellcasting
  4128 | D:4      | Noticed Pikel
  4132 | D:4      | Killed Pikel
  4133 | D:4      | Reached skill level 6 in Spellcasting
  4133 | D:4      | Reached skill level 5 in Ice Magic
  4133 | D:4      | Reached XP level 7. HP: 54/54 MP: 10/16
  4199 | D:4      | Found Reoc's Magic Scroll Shoppe.
  4205 | D:4      | Bought a scroll of enchant armour for 82 gold pieces
  4205 | D:4      | Bought a scroll of identify for 22 gold pieces
  4301 | D:4      | Noticed Natasha
  4303 | D:4      | Killed Natasha
  4340 | D:4      | Found a sacrificial altar of Ru.
  4519 | D:4      | Found a blossoming altar of Fedhas.
  4549 | D:5      | Entered Level 5 of the Dungeon
  4774 | D:5      | Reached XP level 8. HP: 54/60 MP: 14/17
  4834 | D:5      | Found a snail-covered altar of Cheibriados.
  4840 | D:5      | Learned a level 4 spell: Summon Ice Beast
  4907 | D:5      | Found a shimmering blue altar of Sif Muna.
  5045 | D:5      | Reached ** piety under Nemelex Xobeh
  5133 | D:5      | Reached skill level 1 in Summonings
  5433 | D:5      | Found Ram Riz's Book Boutique.
  5711 | D:6      | Noticed Blork the orc
  5729 | D:6      | Killed Blork the orc
  5740 | D:6      | Reached skill level 7 in Spellcasting
  6023 | D:6      | Found a broken altar of Ashenzari.
  6140 | D:6      | Noticed Maggie
  6152 | D:6      | Killed Maggie
  6279 | D:6      | Found Nufuesa's Gadget Shoppe.
  6836 | D:6      | Reached XP level 9. HP: 56/67 MP: 2/20
  7684 | D:7      | Noticed a nameless horror
  7727 | D:7      | Received a gift from Nemelex Xobeh
  7934 | D:7      | Reached skill level 5 in Fighting
  8092 | D:7      | Noticed Prince Ribbit
  8106 | D:7      | Killed Prince Ribbit
  8107 | D:7      | Reached skill level 8 in Spellcasting
  8292 | D:7      | Noticed Duvessa
  8293 | D:7      | Noticed Dowan
  8298 | D:7      | Killed Dowan
  8301 | D:7      | Killed Duvessa
  8411 | D:7      | Found Cyheus's Armour Boutique.
  8604 | D:7      | Found Liavosif's Gadget Shoppe.
  8680 | D:7      | Found a hazy altar of Hepliaklqana.
  8832 | D:8      | Reached skill level 1 in Evocations
  9145 | D:8      | Found a radiant altar of Vehumet.
  9224 | D:8      | Found an ancient bone altar of Kikubaaqudgha.
  9224 | D:8      | Found a white marble altar of Elyvilon.
  9313 | D:8      | Reached *** piety under Nemelex Xobeh
  9580 | D:8      | Reached skill level 1 in Invocations
 10132 | D:9      | Reached skill level 1 in Short Blades
 10347 | D:9      | Reached XP level 10. HP: 74/76 MP: 4/22
 10423 | D:9      | Found a sacrificial altar of Ru.
 10620 | D:9      | Found a shimmering altar of Xom.
 10645 | D:10     | Entered Level 10 of the Dungeon
 10749 | D:10     | Received a gift from Nemelex Xobeh
 11132 | D:10     | Found Ysocs's Weapon Emporium.
 11165 | D:10     | Reached skill level 5 in Conjurations
 11166 | D:10     | Reached skill level 9 in Spellcasting
 11249 | D:10     | Found Cigusune's Jewellery Emporium.
 11301 | D:10     | Learned a level 6 spell: Simulacrum
 11352 | D:10     | Reached **** piety under Nemelex Xobeh
 11426 | D:10     | Found Ovump's Assorted Antiques.
 11435 | D:10     | Reached skill level 1 in Necromancy
 11580 | D:10     | Found a roughly hewn altar of Beogh.
 11700 | D:11     | Received a gift from Nemelex Xobeh
 11703 | D:11     | Noticed a manticore
 11715 | D:11     | Killed a manticore
 11777 | D:11     | Noticed a boulder beetle
 11798 | D:11     | Killed a boulder beetle
 11799 | D:11     | Reached XP level 11. HP: 83/83 MP: 19/24
 11874 | D:11     | Reached skill level 1 in Armour
 11949 | D:11     | Noticed a red ugly thing
 11960 | D:11     | Killed a red ugly thing
 11961 | D:11     | Found Koustow's Antique Armour Emporium.
 12014 | D:11     | Bought an embroidered scarf for 232 gold pieces
 12045 | D:11     | Noticed a red ugly thing
 12053 | D:11     | Killed a red ugly thing
 12209 | D:11     | Found a staircase to the Lair.
 12534 | D:11     | Received a gift from Nemelex Xobeh
 12759 | Lair:1   | Entered Level 1 of the Lair of Beasts
 12926 | Lair:1   | Reached skill level 5 in Summonings
 13097 | Lair:1   | Learned a level 4 spell: Animate Dead
 13403 | Lair:1   | Found a broken altar of Ashenzari.
 13427 | Lair:1   | Noticed an eight-headed hydra
 13486 | Lair:1   | an eight-headed hydra changed into something unseen
 13487 | Lair:1   | Banished a ghost moth
 13645 | Lair:1   | Learned a level 3 spell: Mephitic Cloud
 14071 | Lair:2   | Noticed a death yak
 14076 | Lair:2   | Noticed a death yak
 14076 | Lair:2   | Noticed a death yak
 14079 | Lair:2   | Noticed a death yak
 14079 | Lair:2   | Killed a death yak
 14080 | Lair:2   | Reached skill level 10 in Spellcasting
 14083 | Lair:2   | Noticed a death yak
 14109 | Lair:2   | Received a gift from Nemelex Xobeh
 14195 | Lair:2   | Reached ***** piety under Nemelex Xobeh
 14266 | Lair:2   | You fall into a shaft and drop 1 floor!
 14317 | Lair:3   | Got a steaming dagger
 14318 | Lair:3   | Identified the +4 dagger "Undertaker" {flame, rC+ Int+2}
                  | (You found it on level 3 of the Lair of Beasts)
 14572 | Lair:3   | Noticed a six-headed hydra
 14577 | Lair:3   | Killed a six-headed hydra
 14584 | Lair:3   | Received a gift from Nemelex Xobeh
 15069 | Lair:3   | Noticed a boulder beetle
 15148 | Lair:3   | Killed a boulder beetle
 15196 | Lair:3   | Noticed an eight-headed hydra
 15198 | Lair:3   | Killed an eight-headed hydra
 15199 | Lair:3   | Reached XP level 12. HP: 91/91 MP: 22/26
 15362 | Lair:3   | Learned a level 2 spell: Blink
 15588 | Lair:4   | Reached skill level 1 in Air Magic
 15592 | Lair:4   | Noticed an eight-headed hydra
 15600 | Lair:4   | Killed an eight-headed hydra
 15605 | Lair:4   | Reached skill level 1 in Poison Magic
 15931 | Lair:4   | Learned a level 1 spell: Foxfire
 16093 | Lair:4   | Received a gift from Nemelex Xobeh
 16371 | Lair:4   | Noticed a four-headed hydra
 16488 | Lair:4   | Noticed a spark wasp
 16488 | Lair:4   | a four-headed hydra changed into a spark wasp
 16501 | Lair:4   | Killed from afar by a spark wasp

Illustrated notes

Levels and vault maps discovered:
D:1:      dpeg_arrival_arbitrary_b, layout_basic, minmay_tree_intersection
D:2:      layout_basic, nicolae_overflow_crystal_walls
D:3:      layout_loops_ring, old_standard_altar, nzn_wu_jian_contemplation,
          nicolae_tso_swordbearing_angel, fedhas_altar_2
D:4:      layout_loops_corners, lemuel_crystal_altar, lemuel_crystal_altar,
          minmay_temple_entry_proselytizer, serial_shops, shop, uniq_natasha,
          uniq_pikel
D:5:      layout_basic, overflow_temple_1_default, basic_altar, serial_rivers,
          chequers_serial_rivers_small_3, chequers_serial_rivers_micro_b,
          chequers_serial_rivers_marsh, chequers_serial_rivers_micro_b,
          serial_shops, nicolae_shop_behind_doors
D:6:      minmay_goblin_kobold_castle, layout_rooms, serial_shops, shop_statue,
          evilmike_ruin_ashenzari, uniq_maggie, uniq_blork_the_orc
D:7:      layout_loops_ring, lemuel_coloured_pillars_altar, lemuel_doored_altar,
          gammafunk_ghost_stat_death, serial_shops, kennysheep_little_box,
          nicolae_shop_statue_plus, shop, shop, hex_large,
          lightli_corner_chamber, uniq_prince_ribbit1, uniq_duvessa
D:8:      layout_loops_ring, vehumet_statue, amethyst_overflow_temple_binary,
          minivault_19
D:9:      layout_roguey, nicolae_overflow_hidden_temple, serial_curves,
          eino_curves_03, eino_curves_03, nicolae_ru_sacrificial_ziggurat
D:10:     layout_big_octagon, serial_shops, shop, nicolae_shop_statue_plus,
          shop_statue, david_defended_altar_orc
D:11:     layout_loops_ring, serial_shops, nicolae_shop_waterfront
Lair:1:   layout_misc_corridors, amcnicky_altar_gilded, grunt_megastairs_2
Lair:2:   lemuel_slime, layout_regular_city, serial_bayou_pond_b,
          eino_small_chamber_without_monster, lemuel_fruit_fields,
          grunt_megastairs_3
Lair:3:   layout_loops_ring, hangedman_lair_unloving_vines,
          serial_bayou_shore_b, serial_bayou_shore_a, infiniplex_staircase_pool,
          serial_bayou_shore_b, grunt_megastairs_4, lemuel_fruit_fields,
          uniq_urug
Lair:4:   layout_loops_ring, minmay_swamp_entry_reptiles, dummy_snake_entry,
          lemuel_fruit_fields, grunt_megastairs_5

Skill      XL: |  1  2  3  4  5  6  7  8  9 10 11 12 |
---------------+-------------------------------------+-----
Spellcasting   | 3 4 6 7 8 9 10 | 10.3
Fighting       | 1 2 4 5 6 7 |  7.6
Maces & Flails | 1 |  1.0
Ice Magic      | 4 5 6 7 |  7.9
Polearms       | 1 |  1.3
Conjurations   | 2 3 4 5 6 |  6.4
Summonings     | 2 3 4 5 |  5.6
Dodging        | 2 3 4 |  4.6
Evocations     | 1 2 |  2.5
Invocations    | 1 2 |  2.9
Short Blades   | 1 2 3 |  3.9
Necromancy     | 1 3 4 |  4.2
Armour         | 2 |  2.6
Air Magic      | 1 |  1.4
Poison Magic   | 1 |  1.2
Stealth        | |  1.5
Translocations | |  0.2
Fire Magic     | |  0.2

Action                   |  1- 3 |  4- 6 |  7- 9 | 10-12 || total
-------------------------+-------+-------+-------+-------++-------
Melee: Whip              |    17 |       |       |       ||    17
       Halberd           |       |    59 |       |       ||    59
       Short sword       |       |    27 |   238 |   173 ||   438
       Dagger            |       |       |       |    64 ||    64
       Glaive            |       |       |       |     4 ||     4
Throw: Dart              |    14 |       |       |     2 ||    16
       Throwing net      |     1 |       |       |       ||     1
 Cast: Freeze            |    48 |    18 |    51 |    53 ||   170
       Frozen Ramparts   |     3 |     8 |    14 |    16 ||    41
       Ozocubu's Armour  |     1 |     4 |    17 |    38 ||    60
       Hailstorm         |       |       |    35 |    48 ||    83
       Summon Ice Beast  |       |       |    15 |    70 ||    85
       Animate Dead      |       |       |       |     3 ||     3
       Mephitic Cloud    |       |       |       |     1 ||     1
       Foxfire           |       |       |       |     3 ||     3
Invok: Draw Destruction  |       |     3 |     1 |    26 ||    30
       Draw Summoning    |       |       |     1 |    10 ||    11
       Draw Escape       |       |       |       |     5 ||     5
       Triple Draw       |       |       |       |     2 ||     2
Evoke: Wand              |       |       |     6 |    35 ||    41
       Phial of floods   |       |       |       |     1 ||     1
  Use: Scroll            |     6 |     2 |    11 |    15 ||    34
 Stab: Sleeping          |       |     4 |     4 |     1 ||     9
       Distracted        |       |     2 |       |       ||     2
       Paralysed         |       |       |       |    18 ||    18
Armor: Robe              |    14 |    23 |   109 |   130 ||   276
Dodge: Dodged            |    31 |    53 |   183 |   220 ||   487
